 Dungeon Crawl Stone Soup version 0.27-a0-1140-g099f9bb0e8 (webtiles) character file.

Game seed: 1823893313239526498

6 Spectrina the Magician (level 1, -2/15 HPs)
             Began as a Djinni Air Elementalist on May 9, 2021.
             Slain by a quokka (3 damage)
             ... on level 2 of the Dungeon.
             The game lasted 00:01:22 (177 turns).

Spectrina the Magician (Djinni Air Elementalist)     Turns: 177, Time: 00:01:23

Health: -2/15      AC:  3    Str:  7    XL:     1   Next: 90%
Gold:   12         EV: 11    Int: 16    God:
                   SH:  0    Dex: 13

rFire    + + .     SeeInvis .   e - +3 dagger (speed)
rCold    x . .     Faith    .   (no shield)
rNeg     . . .     Spirit   .   f - +0 leather armour
rPois    ∞         Reflect  .   (no helmet)
rElec    .         Harm     .   (no cloak)
rCorr    .         Rampage  .   (no gloves)
Will     .....                  (boots unavailable)
Stlth    ++........             (no amulet)
HPRegen  0.05/turn              (no ring)
MPRegen  0.00/turn              (no ring)

@: brilliant, flying
A: sickness immunity, fire resistance 2, cold vulnerability 1, float, innate
caster, hp casting, extra vitality 1
a: no special abilities


You were on level 2 of the Dungeon.
You visited 1 branch of the dungeon, and saw 3 of its levels.

You collected 12 gold pieces.

Inventory:

Hand Weapons
 e - a +3 dagger of speed (weapon)
Missiles
 d - 20 bolts
Armour
 a - a +0 robe
 f - a +0 leather armour (worn)
Scrolls
 c - a scroll of identify {unknown}


   Skills:
 - Level 2.1 Dodging
 - Level 1.5 Stealth
 + Level 3.0 Spellcasting


You couldn't memorise any spells.
You knew the following spells:

 Your Spells              Type           Power      Damage    Failure   Level
a - Shock                 Conj/Air       72%        1d7       8%          1
b - Static Discharge      Conj/Air       18%        N/A       12%         2
c - Swiftness             Air            18%        N/A       24%         3
d - Airstrike             Air            9%         N/A       61%         4
e - Lightning Bolt        Conj/Air       9%         1d21      91%         5
Your spell library was empty.

Dungeon Overview and Level Annotations

Branches:
Dungeon (3/15)

Altars:


Innate Abilities, Weirdness & Mutations

You are immune to sickness and miasma.
You are immune to poison.
Your flesh is very heat resistant. (rF++)
You are vulnerable to cold. (rC-)
You float through the air rather than walking.
You learn spells naturally, not from books.
Your magical power is your life essence.
You have superior vitality. (+4 HP)


Message History

Unknown command.
A ball python comes into view.
The ball python hisses angrily.
The rat barely misses you.
Casting: Shock (safe; 9% risk of failure)
Confirm with . or Enter, or press ? or * to list all spells.
Aiming: Shock (safe; 9% risk of failure)
Press: ? - help, Shift-Dir - straight line That beam is likely to hit you.
Continue anyway?
The zap hits the rat.
The rat is heavily wounded.
The zap hits the rat.
You kill the rat!
The zap hits you.
* * * LOW HITPOINT WARNING * * *
x2 Your Spellcasting skill increases to level 3!
You see here a giant cockroach corpse.
There is a stone staircase leading down here.
It was a potion of brilliance.
You feel clever all of a sudden. The quokka closely misses you.
Unknown command.
Casting: Shock (safe; 9% risk of failure)
Confirm with . or Enter, or press ? or * to list all spells.
Aiming: Shock (safe; 9% risk of failure)
Press: ? - help, Shift-Dir - straight line You feel a surge of power!
The zap misses the quokka.
The zap hits the ball python.
The ball python is severely wounded.
The zap hits the ball python.
You kill the ball python!
* * * LOW HITPOINT WARNING * * *
The quokka barely misses you.
Unknown command.
You aren't carrying any potions.
As you read the scroll labelled ZAFOWI JAIN, it crumbles to dust.
It is a scroll of enchant weapon.
Your +2 dagger of speed glows red for a moment.
The quokka bites you.
You die...

####################
...<............@r.#
.#################.#
#.# #†# #S# #.###
#...# ###.# #S#


You could see a quokka.

Vanquished Creatures
  A ball python (D:2)
  A giant cockroach (D:2)
  A hobgoblin (D:3)
  A bat (D:1)
  2 rats
6 creatures vanquished.

Notes
Turn   | Place    | Note
-------+----------+-------------------------------------------
     0 | D:1      | Spectrina the Djinni Air Elementalist began the quest for
                  | the Orb.
     0 | D:1      | Reached XP level 1. HP: 15/15 MP: 0/0
   163 | D:2      | Reached skill level 3 in Spellcasting
   177 | D:2      | Slain by a quokka

Illustrated notes

Levels and vault maps discovered:
D:1:      roderic_dead_forest, layout_loops_cross,
          chequers_ecumenical_altar_simple_redux, columned_hall_lemuel
D:2:      layout_loops_ring, roderic_lattice_a, minmay_cupped, uniq_terence,
          uniq_sigmund
D:3:      due_chaos_kobolds, layout_basic, uniq_robin

Skill      XL: |  1 |
---------------+----+-----
Spellcasting   | 3 |  3.0
Dodging        | |  2.1
Stealth        | |  1.5

Action                   || total
-------------------------++-------
Melee: Dagger            ||    15
 Cast: Shock             ||     4
  Use: Scroll            ||     1
       Potion            ||     1
Armor: Leather armour    ||     3
       Robe              ||     2
Dodge: Dodged            ||     5

Table legend: (Time is in decaauts)
 A = Elapsed time spent in this place.
 B = Non-inter-level travel time spent in this place.
 C = Inter-level travel time spent in this place.
 D = Time resting spent in this place.
 E = Time spent auto-exploring this place.
 F = Levels seen in this place.
 G = Mean time per level.
                   A        B        C        D        E       F      G
               +--------+--------+--------+--------+--------+-----+--------+
         Total |    171 |    171 |      0 |      0 |      0 |   3 |   57.0 |
       Dungeon |    171 |    171 |      0 |      0 |      0 |   3 |   57.0 |
               +--------+--------+--------+--------+--------+-----+--------+

Top non-repeatable levels by time:
     D:1: 87 daAuts
     D:2: 58 daAuts
     D:3: 25 daAuts
